 Dungeon Crawl Stone Soup version 0.27.0-1-g7a089689b8 (webtiles) character file.

Game seed: 8337730913088638351

85 nxtlvl the Poker (level 4, -1/33 HPs)
             Began as a Human Gladiator on Aug 17, 2021.
             Slain by an adder (4 damage)
             ... on level 3 of the Dungeon.
             The game lasted 00:07:42 (717 turns).

nxtlvl the Poker (Human Gladiator)                   Turns: 717, Time: 00:07:42

Health: -1/33      AC:  6    Str: 14    XL:     4   Next: 75%
Magic:  4/4        EV: 11    Int: 10    God:
Gold:   62         SH:  0    Dex: 14    Spells: 3/3 levels left

rFire    . . .     SeeInvis .   a - +0 trident
rCold    . . .     Faith    .   (no shield)
rNeg     . . .     Spirit   .   c - +0 ring mail
rPois    .         Reflect  .   d - +0 helmet
rElec    .         Harm     .   (no cloak)
rCorr    .         Rampage  .   (no gloves)
Will     .....                  (no boots)
Stlth    +.........             (no amulet)
HPRegen  0.11/turn              (no ring)
MPRegen  0.09/turn              (no ring)

@: no status effects
A: no striking features
a: no special abilities


You were on level 3 of the Dungeon.
You visited 1 branch of the dungeon, and saw 3 of its levels.

You collected 62 gold pieces.

Inventory:

Hand Weapons
 a - a +0 trident (weapon)
 b - a +0 dagger of electrocution
Missiles
 i - 12 stones
 j - 3 throwing nets
 p - 8 poisoned darts (quivered)
Armour
 c - a +0 ring mail (worn)
 d - a +0 helmet (worn)
Scrolls
 e - 2 scrolls of identify {unknown}
 f - a scroll of enchant armour {unknown}
 l - a scroll of fog {unknown}
 m - a scroll of blinking {unknown}
 o - a scroll of teleportation {unknown}
Potions
 g - 2 potions of haste {unknown}
 h - a potion of ambrosia {unknown}
 k - 2 potions of degeneration {unknown}
 n - a potion of mutation {unknown}


   Skills:
 - Level 2.0 Fighting
 * Level 5.1 Polearms
 - Level 2.0 Throwing
 - Level 3.0 Dodging


You had 3 spell levels left.
You didn't know any spells.
Your spell library was empty.

Dungeon Overview and Level Annotations

Branches:
Dungeon (3/15)

Altars:
Yredelemnul

Shops:
D:3 (


Message History

You are more poisoned.
The adder poisons you!
You miss the adder.
The adder is heavily wounded.
You feel sick. The adder bites you.
You are more poisoned.
The adder poisons you!
You miss the adder.
The adder is heavily wounded.
You feel sick. The adder bites you but does no damage. The adder bites you.
You are more poisoned.
The adder poisons you!
You hit the adder but do no damage.
The adder is moderately wounded.
You feel sick. The adder barely misses you.
You miss the adder.
The adder is moderately wounded.
You feel sick. The adder barely misses you.
You hit the adder.
The adder is heavily wounded.
You feel sick.
The adder bites you but does no damage. x2
You miss the adder.
The adder is heavily wounded.
You feel sick. The adder bites you but does no damage.
You barely miss the adder.
The adder is heavily wounded.
You feel sick. The adder misses you. The adder bites you.
* * * LOW HITPOINT WARNING * * *
You miss the adder.
The adder is heavily wounded.
You feel sick. The adder barely misses you.
You closely miss the adder.
The adder is heavily wounded.
You feel sick. The adder misses you.
You barely miss the adder.
The adder is heavily wounded.
You feel sick.
You are no longer poisoned.
The adder bites you.
You die...

## .. #. ############
#.#######...........
#.#>......'...........
#.....###.#...........
########+#.###.#........[..
...............##....######
..........@######..#.# #..
..........S# ##.#.####.#
...........# #.#.......
......P∩...#######.######.#
......PP...+...............
...........#######.######.#
...........# #.# #.#
............. #.# #.#
.............# #.. #.#


You could see an adder.

Vanquished Creatures
  3 adders (D:3)
  3 gnolls (D:2)
  4 ball pythons
  4 bats
  4 endoplasms
  A giant cockroach (D:1)
  4 goblins (D:2)
  A hobgoblin (D:2)
  4 kobolds
  2 rats
30 creatures vanquished.

Vanquished Creatures (others)
  4 toadstools (D:1)
4 creatures vanquished.

Grand Total: 34 creatures vanquished

Notes
Turn   | Place    | Note
-------+----------+-------------------------------------------
     0 | D:1      | nxtlvl the Human Gladiator began the quest for the Orb.
     0 | D:1      | Reached XP level 1. HP: 16/16 MP: 1/1
    73 | D:2      | Reached XP level 2. HP: 17/22 MP: 2/2
   116 | D:2      | Reached skill level 4 in Polearms
   116 | D:2      | Reached XP level 3. HP: 20/27 MP: 3/3
   234 | D:2      | Found a faded altar of an unknown god.
   303 | D:2      | Reached XP level 4. HP: 4/33 MP: 4/4
   567 | D:3      | Found a basalt altar of Yredelemnul.
   621 | D:3      | Reached skill level 5 in Polearms
   688 | D:3      | Found Bomel's Antique Weapon Shoppe.
   717 | D:3      | Slain by an adder

Illustrated notes

Levels and vault maps discovered:
D:1:      ldierk_walled_garden_2, layout_loops_ring, kennysheep_nondescript
D:2:      cheibrodos_helix_gallery, layout_rooms,
          dreamdust_ecumenical_altar_sealed_demon,
          chequers_serial_rivers_micro_a, grunt_decor_arrowhead,
          minmay_misc_feat_cross, minmay_tromino_i4
D:3:      layout_basic, mainiacjoe_overflow_catwalk,
          nicolae_hepliaklqana_monster_ancestors, serial_shops,
          nicolae_shop_overgrown_old_shop, shop, gammafunk_ghost_cemetery,
          hangedman_feature_mirror, saegor_snake_ambush, uniq_crazy_yiuf_cottage

Skill      XL: |  1  2  3  4 |
---------------+-------------+-----
Polearms       | 4 5 |  5.1
Fighting       | |  2.0
Throwing       | |  2.0
Dodging        | |  3.0

Action                   |  1- 3 |  4- 6 || total
-------------------------+-------+-------++-------
Melee: Trident           |    70 |    62 ||   132
Throw: Dart              |       |     2 ||     2
       Stone             |       |     1 ||     1
Armor: Leather armour    |    15 |     2 ||    17
       Ring mail         |       |    14 ||    14
Dodge: Dodged            |    38 |    32 ||    70
